AoeStats
← DENON

Arabia

510153007Analyzed
1v1 RM · 3d ago on Sep 29, 2026· 31m 34s· 2 players
Game mode
Random Map
Map size
Tiny (2 player)
Population
200
Speed
Normal
Resources
Standard
Victory
Conquest
Starting age
Dark Age
Ending age
Imperial Age
RankedLock teamsTeams togetherTeam positionsShared explorationLock speedFull tech treeHidden civsTurbo modeCheats
Victory
Defeat
🇺🇸 Slavs · United States
784
+18
🇹🇷 Gurjaras · Türkiye
820
-47
CHLORIAN
11:38 Feudal Age
12:58 Wheelbarrow
12:18 Man-at-Arms
24:39 Castle Age
26:06 Hand Cart
25:35 Crossbowman
25:36 Elite Skirmisher
26:46 Padded Archer Armor
26:36 Fletching
30:01 Long Swordsman
DENON
3:14 Loom
10:20 Feudal Age
11:26 Double-Bit Axe
12:50 Wheelbarrow
12:28 Horse Collar
15:55 Man-at-Arms
22:18 Castle Age
20:44 Forging
20:51 Scale Mail Armor
22:19 Long Swordsman
25:18 Squires
31:27 Iron Casting
31:07 Chain Mail Armor
31:11 Hand Cart
Connection lost

Rejoining the realm…

Still unreachable

The connection could not be restored.

Session expired

The server has moved on; the page needs a fresh start.